 Dungeon Crawl Stone Soup version 0.14-a0-1007-gacdcbbe (webtiles) character file.

252 PolkaDot the Ruinous (level 5, -4/35 HPs)
             Began as a Vampire Conjurer on Nov 22, 2013.
             Slain by an orc wizard
             ... wielding a +0,+2 flail
              (6 damage)
             ... on Level 3 of the Dungeon.
             The game lasted 00:09:15 (2592 turns).

PolkaDot the Ruinous (Vampire Conjurer)             Turns: 2592, Time: 00:09:15

HP  -4/35        AC  0     Str 12      XL: 5   Next: 13%
MP   0/12        EV 12     Int 18      God:
Gold 98          SH  0     Dex 14      Spells:  2 memorised,  8 levels left

Res.Fire  : . . .   See Invis. : +   (no weapon)
Res.Cold  : . . .   Warding    : .   a - +0 robe
Life Prot.: . . .   Conserve   : .   (no shield)
Res.Poison: .       Res.Corr.  : .   (no helmet)
Res.Elec. : .       Clarity    : +   (no cloak)
Sust.Abil.: . .     Spirit.Shd : .   (no gloves)
Res.Mut.  : .       Stasis     : .   (no boots)
Res.Rott. : .       Flight     : .   o - amulet of clarity {unknown}
Saprovore : . . .                    j - ring of teleport control
                                     i - cursed -2 ring of protection

@: regenerating quickly, mighty, slightly resistant to hostile enchantments,
stealthy
A: fangs 3, see invisible, unbreathing
a: Evoke Teleport Control


You were on level 3 of the Dungeon.
You were very full.

You visited 1 branch of the dungeon, and saw 3 of its levels.

You collected 98 gold pieces.

Inventory:

Armour
 a - a +0 robe (worn)
Scrolls
 e - a scroll of noise {unknown}
 f - a scroll of teleportation {unknown}
 g - a scroll of enchant weapon I {unknown}
 h - a scroll of identify {unknown}
 k - a scroll of magic mapping {unknown}
 l - a scroll of enchant weapon II {unknown}
 n - a scroll of curse weapon {unknown}
 p - a scroll of curse armour {unknown}
Jewellery
 i - a cursed -2 ring of protection (left hand)
 j - a ring of teleport control (right hand)
 o - an amulet of clarity (around neck) {unknown}
Books
 c - a book of Conjurations

   Spells                             Type                      Level
   *Magic Dart                        Conjuration                  1
   *Searing Ray                       Conjuration                  2
   Dazzling Spray                     Conjuration/Hexes            3
   Iskenderun's Mystic Blast          Conjuration                  4
   Iskenderun's Battlesphere          Conjuration/Charms           4
   Fulminant Prism                    Conjuration/Hexes            5


   Skills:
 - Level 2.1 Dodging
 - Level 3.0 Stealth
 * Level 3.5 Spellcasting
 + Level 3.8 Conjurations


You had 8 spell levels left.
You knew the following spells:

 Your Spells              Type           Power        Failure   Level  Hunger
a - Magic Dart            Conj           ###.         3%          1    None
s - Searing Ray           Conj           ###...       6%          2    ##.....


Dungeon Overview and Level Annotations

Branches:
Dungeon (3/16)

Altars:


Innate Abilities, Weirdness & Mutations

Your natural rate of healing is unusually fast.
You have razor-sharp teeth.*
You have supernaturally acute eyesight.
You can survive without breathing.*


Message History

Aiming: Searing Ray
Press: ? - help, Shift-Dir - straight line, f - orc priest
Aim: an orc priest, wielding a flail and wearing an orcish ring mail (almost dead)
The searing ray hits the orc priest.
You kill the orc priest!
You have reached level 5!
* * * LOW MAGIC WARNING * * *
The searing ray hits the orc wizard.
The orc wizard is moderately wounded.
* * * LOW MAGIC WARNING * * *
The orc wizard unwields an uncursed orcish dagger.
The orc wizard drops an uncursed orcish dagger.
The orc wizard picks up a flail.
The orc wizard wields a flail.
You aren't carrying any potions.
Read which item? (? for menu, Esc to quit)
Okay, then.
You hit the orc wizard.
The orc wizard is severely wounded.
The orc wizard hits you with a flail.
You die...

###### ##### #....#
#<..## #....#
#......... #....#
#...###### ###....#
##........
#......########........
#....@o)o.........(...
#..%.########.........
#....# #.####.###
#.#.## #l# # #.# #.#
#.# #.# #.#.# #.# #.#.#
#.# #.#.# #.#


You could see an orc wizard and an orc.

Vanquished Creatures
  2 orc priests (D:3)
  4 gnolls
  4 giant geckos
  An ooze (D:1)
  An orc (D:3)
  2 ball pythons
  5 goblins
  4 hobgoblins
  A quokka (D:2)
  9 bats
  3 giant cockroaches (D:2)
  3 giant newts
  3 kobolds
  9 rats
51 creatures vanquished.

Notes
Turn   | Place    | Note
--------------------------------------------------------------
     0 | D:1      | PolkaDot, the Vampire Conjurer, began the quest for the Orb.
     0 | D:1      | Reached XP level 1. HP: 13/13 MP: 4/4
   244 | D:1      | Reached XP level 2. HP: 19/19 MP: 3/5
   454 | D:1      | Learned a level 2 spell: Searing Ray
  1018 | D:1      | Reached XP level 3. HP: 24/24 MP: 4/7
  2479 | D:3      | Reached XP level 4. HP: 6/30 MP: 2/9
  2588 | D:3      | HP: 1/30 [orc priest/nerve-wracking pain (8)]
  2589 | D:3      | Reached XP level 5. HP: 1/35 MP: 1/12
  2592 | D:3      | Slain by an orc wizard

Action                   |  1- 3 |  4- 6 || total
-------------------------+-------+-------++-------
Melee: Unarmed           |    19 |     8 ||    27
 Cast: Magic Dart        |    79 |       ||    79
       Searing Ray       |     5 |     3 ||     8
  Use: Potion            |     1 |     2 ||     3
